 Dungeon Crawl Stone Soup version 0.25-a0-420-g1cc7eeb0d1 (webtiles) character file.

Game seed: 17702472441371106537, levelgen mode: deterministic

742 Kohma the Chopper (level 7, 0/62 HPs)
             Began as a Hill Orc Abyssal Knight on Jan 18, 2020.
             Was a Priest of Lugonu.
             Slain by an orc (2 damage)
             ... on level 5 of the Dungeon.
             The game lasted 00:11:55 (5193 turns).

Kohma the Chopper (Hill Orc Abyssal Knight)         Turns: 5193, Time: 00:11:56

Health: 0/62       AC:  8    Str: 17    XL:     7   Next: 76%
Magic:  0/12       EV:  9    Int: 12    God:    Lugonu [***...]
Gold:   221        SH:  0    Dex: 10    Spells: 6/6 levels left

rFire    + . .     SeeInvis .   y - +1 war axe
rCold    . . .     Gourm    .   (no shield)
rNeg     . . .     Faith    .   u - +0 scale mail
rPois    .         Spirit   .   t - +0 hat
rElec    .         Reflect  .   m - +0 cloak
rCorr    .         Harm     .   (no gloves)
MR       .....                  o - +0 pair of boots
Stlth    ..........             (no amulet)
HPRegen  0.20/turn              v - ring of protection from fire
MPRegen  0.13/turn              (no ring)

@: no status effects
A: no striking features
a: Depart the Abyss, Bend Space, Banish, Renounce Religion


You were on level 5 of the Dungeon.
You worshipped Lugonu.
Lugonu was most pleased with you.
You were hungry.

You visited 1 branch of the dungeon, and saw 5 of its levels.
You visited the Abyss 1 time.

You collected 221 gold pieces.

Inventory:

Hand Weapons
 a - a +1 hand axe
 j - a +2 whip of freezing
 y - a +1 war axe (weapon)
Missiles
 e - 9 poisoned darts (quivered)
Armour
 m - a +0 cloak (worn)
 o - a +0 pair of boots (worn)
 t - a +0 hat (worn)
 u - a +0 scale mail (worn)
Jewellery
 v - a ring of protection from fire (left hand)
Scrolls
 d - a scroll of enchant armour {unknown}
 f - a scroll of blinking
 g - 3 scrolls of remove curse
 k - 4 scrolls of teleportation
Potions
 b - a potion of berserk rage
 h - 2 potions of agility
 i - a potion of ambrosia
 l - 2 potions of flight
 n - 2 potions of haste
 p - a potion of brilliance {unknown}
 r - 3 potions of heal wounds
 s - a potion of mutation {unknown}
 x - a potion of curing
Comestibles
 c - 13 rations


   Skills:
 + Level 5.7 Fighting
 * Level 7.2 Axes
 - Level 2.3 Armour
 - Level 1.0 Dodging
 * Level 7.1 Invocations


You had 6 spell levels left.
You didn't know any spells.
Your spell library was empty.

Dungeon Overview and Level Annotations

Branches:
Dungeon (5/15)
 Temple: D:4-7

Altars:
Elyvilon
Gozag
Hepliaklqana
Ru
Uskayaw
Yredelemnul
The Shining One

Portals:
Sewer: D:5

Annotations:
Abyss:1 Dowan, Menkaure


Message History

The orc wizard shouts!
The orc hits you but does no damage.
The orc wizard casts a spell.
The orc wizard blinks!
The orc wizard points at you and mumbles some strange words.
The magic dart hits you.
* * * LOW HITPOINT WARNING * * *
Press: ? - help, Shift-Dir - straight line, f - orc wizard
Aim: an orc wizard, wielding a +1 dagger of venom and wearing a +0 robe (chance to defeat MR: 84%)
The orc wizard barely resists.
You are feeling hungry.
The orc wizard barely misses you. The orc hits you but does no damage.
The river rat barely misses you.
Press: ? - help, Shift-Dir - straight line, f/p - orc wizard
Aim: an orc wizard, wielding a +1 dagger of venom and wearing a +0 robe (chance to defeat MR: 84%)
The orc wizard is devoured by a tear in reality.
Lugonu claims a new guest.
You feel somewhat more hungry.
The crimson imp blinks!
The rat bites you but does no damage. The orc hits you.
You die...

.......##.. ##..§§§....#
#.......# .
......##.##§.§....
####.....#
.........###.(#...
.......
###........###..#...
....... ..........
#....... .......
#.......##....#....
#.§.§....##..###...
###.§§§....##........
#...@o..!..###.......
#....#.rr......####....#
##. ##.!.S....####..###
##..Ws.........##.
#.......##..##...
#.###s........... ##..#
#.§######....
....###§$'≈≈≈≈#.##.
....#...§§#≈≈≈≈#.##.


You could see a phantom, a river rat, an orc, 2 giant cockroaches, a ball python
and a rat.

Vanquished Creatures
  Duvessa (D:4)
  An ogre (D:4)
  2 scorpions (D:4)
  A hound (D:4)
  A centaur skeleton (D:4)
  2 worker ants (D:4)
  A hound zombie (D:5)
  Robin (D:3)
  3 gnolls (D:3)
  6 adders
  A white imp (D:4)
  An ooze (D:1)
  4 dart slugs
  3 leopard geckos
  2 orcs (D:4)
  5 bats
  11 goblins
  8 hobgoblins
  4 jackals (D:2)
  A ball python (D:5)
  9 frilled lizards
  A goblin skeleton (D:4)
  4 hobgoblin zombies (D:4)
  10 kobolds
  A kobold skeleton (D:4)
  A kobold zombie (D:4)
  An orc skeleton (D:4)
  A quokka skeleton (D:4)
  5 rats
92 creatures vanquished.

Vanquished Creatures (others)
  An ogre (D:5)
  An orc wizard (D:5)
2 creatures vanquished.

Grand Total: 94 creatures vanquished

Notes
Turn   | Place    | Note
-------+----------+-------------------------------------------
     0 | Abyss:1  | Kohma the Hill Orc Abyssal Knight began the quest for the
                  | Orb.
     0 | Abyss:1  | Reached XP level 1. HP: 19/19 MP: 2/2
    19 | D:1      | Escaped the Abyss
    38 | D:1      | Reached skill level 1 in Dodging
    38 | D:1      | Reached XP level 2. HP: 21/27 MP: 3/3
   636 | D:1      | Reached ** piety under Lugonu
   639 | D:1      | Reached XP level 3. HP: 22/33 MP: 5/5
  1468 | D:2      | Reached XP level 4. HP: 12/40 MP: 6/6
  1473 | D:2      | Found a hide-covered altar of Uskayaw.
  1678 | D:2      | Found an opulent altar of Gozag.
  1737 | D:2      | Found a sacrificial altar of Ru.
  1999 | D:3      | Noticed Robin
  2017 | D:3      | Killed Robin
  2378 | D:3      | Reached XP level 5. HP: 27/47 MP: 8/8
  2788 | D:3      | Found a white marble altar of Elyvilon.
  3278 | D:4      | Reached skill level 5 in Axes
  3286 | D:4      | Reached skill level 5 in Invocations
  3494 | D:4      | Reached *** piety under Lugonu
  3500 | D:4      | Found a glowing golden altar of the Shining One.
  3518 | D:4      | Reached XP level 6. HP: 53/53 MP: 9/9
  3562 | D:4      | Noticed Duvessa
  3595 | D:4      | HP: 2/55 [Duvessa/+1 short sword of protection (3)]
  3599 | D:4      | Killed Duvessa
  3599 | D:4      | Reached skill level 5 in Fighting
  3599 | D:4      | Noticed Dowan
  3612 | D:4      | Banished Dowan
  3960 | D:4      | Noticed Menkaure
  3989 | D:4      | Banished Menkaure
  3991 | D:4      | Reached XP level 7. HP: 5/61 MP: 6/11
  3995 | D:4      | HP: 3/61 [poisoned by a worker ant]
  4000 | D:3      | HP: 2/61 [poisoned by a worker ant]
  4007 | D:3      | HP: 2/61 [poisoned by a worker ant]
  4015 | D:3      | HP: 1/61 [poisoned by a worker ant]
  4610 | D:4      | Found a basalt altar of Yredelemnul.
  4627 | D:4      | Found a hazy altar of Hepliaklqana.
  4706 | D:5      | Entered Level 5 of the Dungeon
  5151 | D:5      | Found a glowing drain.
  5191 | D:5      | HP: 1/62 [orc wizard/magic dart (5)]
  5193 | D:5      | Slain by an orc

Levels and vault maps discovered:
D:1:      moated_graveyard_arrival, layout_basic
D:2:      layout_rooms, nicolae_gozag_seed_capital,
          nicolae_overflow_hidden_temple, minmay_pentomino_t2
D:3:      layout_loops_ring, elyvilon_altar_4, uniq_robin
D:4:      layout_cave_pools, yredelemnul_altar_generic, kennysheep_mini_moat,
          first_ration, nicolae_tso_besieged_by_evil, uniq_menkaure,
          uniq_duvessa
D:5:      layout_cave_pools, marbit_many_paths, minmay_temple_entry_offerings,
          portal_sewer_entry_c, goddamned_bats

Skill      XL: |  1  2  3  4  5  6  7 |
---------------+----------------------+-----
Dodging        | 1 |  1.0
Axes           | 3 4 5 6 7 |  7.2
Invocations    | 3 4 5 6 7 |  7.1
Fighting       | 4 5 |  5.7
Armour         | |  2.3

Action                   |  1- 3 |  4- 6 |  7- 9 || total
-------------------------+-------+-------+-------++-------
Melee: Hand axe          |   102 |   177 |    13 ||   292
       War axe           |       |       |    37 ||    37
Invok: Banish            |       |     2 |     3 ||     5
       Bend Space        |       |       |     1 ||     1
  Use: Potion            |       |     3 |       ||     3
       Scroll            |       |       |    12 ||    12
  Eat: Chunk             |     2 |     4 |     5 ||    11
       Ration            |       |     1 |       ||     1
Armor: Leather armour    |    50 |    22 |       ||    72
       Scale mail        |       |    52 |    25 ||    77
Dodge: Dodged            |    65 |    92 |    34 ||   191

Table legend:
 A = Non-vault XP
 B = Vault XP
 C = Vault XP percentage of total XP
 D = Non-vault monster count
 E = Vault monster count
 F = Vault count percentage of total count
                 A         B        C        D         E       F
            +---------+---------+-------+---------+---------+-------
      Total |     713 |     347 |  32.7 |      67 |      29 |  30.2
            +---------+---------+-------+---------+---------+-------
        D:1 |      47 |       0 |   0.0 |      22 |       0 |   0.0
        D:2 |      52 |      13 |  20.0 |      16 |       1 |   5.9
        D:3 |      68 |      39 |  36.4 |      13 |      13 |  50.0
        D:4 |     433 |     292 |  40.3 |      11 |      12 |  52.2
        D:5 |     113 |       3 |   2.6 |       5 |       3 |  37.5
            +---------+---------+-------+---------+---------+-------
